 Dungeon Crawl Stone Soup version 0.20.0-15-g7f486f2 (webtiles) character file.

66 straycat the Sneak (level 3, 0/28 HPs)
             Began as a Vampire Wanderer on June 26, 2017.
             Slain by a leopard gecko (2 damage)
             ... on level 3 of the Dungeon.
             The game lasted 00:08:21 (1952 turns).

straycat the Sneak (Vampire Wanderer)               Turns: 1952, Time: 00:08:23

Health: 0/28       AC:  5    Str: 12    XL:     3   Next: 96%
Magic:  4/4        EV: 13    Int: 12    God:
Gold:   94         SH:  0    Dex: 15    Spells: 4/4 levels left

rFire    . . .     SeeInvis +   b - +0 shortbow
rCold    + + +     Gourm    .   (shield currently unavailable)
rNeg     + + +     Faith    .   e - +0 robe
rPois    ∞         Spirit   .   (no helmet)
rElec    .         Reflect  .   (no cloak)
rCorr    .         Harm     .   n - +2 pair of gloves
MR       .....                  (no boots)
Stlth    +++++.....             (no amulet)
Regen    0.0/turn               m - ring of ice
MPRegen  0.1/turn               w - ring of protection from fire

@: bloodless, non-regenerating
A: fangs 3, see invisible, unbreathing
a: Bat Form


You were on level 3 of the Dungeon.
You were bloodless.

You visited 1 branch of the dungeon, and saw 3 of its levels.

You collected 94 gold pieces.

Inventory:

Hand Weapons
 a - a +2 hand axe
 b - a +0 shortbow (weapon)
Missiles
 k - 67 stones (quivered)
 r - 30 sling bullets
 v - 6 tomahawks
Armour
 e - a +0 robe (worn)
 n - a +2 pair of gloves (worn)
Jewellery
 m - a ring of ice (left hand)
 w - a ring of protection from fire (right hand)
Wands
 d - a wand of random effects (15/48)
Scrolls
 i - a scroll of blinking {unknown}
 j - 4 scrolls of teleportation {unknown}
 l - 5 scrolls of identify {unknown}
 p - a scroll of magic mapping {unknown}
 t - a scroll of recharging {unknown}
Potions
 f - 23 potions of blood
 g - 7 potions of curing {unknown}
 h - a potion of magic {unknown}
 o - a potion of brilliance {unknown}
 q - a potion of mutation {unknown}
 s - a potion of lignification {unknown}
 u - a potion of heal wounds {unknown}


   Skills:
 - Level 2.6 Fighting
 - Level 1.0 Axes
 - Level 1.0 Armour
 - Level 2.1 Dodging
 + Level 4.6 Stealth
   Level 1.0 Shields
 - Level 1.0 Spellcasting
   Level 1.5 Hexes
   Level 1.0 Earth Magic
 - Level 1.0 Evocations


You had 4 spell levels left.
You didn't know any spells.

Dungeon Overview and Level Annotations

Branches:
Dungeon (3/15)

Altars:
Dithmenos
Elyvilon
Kikubaaqudgha
Trog
Xom


Innate Abilities, Weirdness & Mutations

You do not heal naturally.
You are immune to poison.
You have razor-sharp teeth.
You have supernaturally acute eyesight. (SInv)
You can survive without breathing.


Message History

You throw a stone. The stone barely misses the orc wizard.
The stone hits the giant cockroach but does no damage.
The leopard gecko bites you but does no damage.
The orc wizard hits you with a dagger.
* * * LOW HITPOINT WARNING * * *
The leopard gecko closely misses you.
Throwing (i - inventory. (,) - cycle):
k - 69 stones (quivered)
Press: ? - help, Shift-Dir - straight line, f/p - giant cockroach
Aim: a giant cockroach You throw a stone.
The stone misses the orc wizard.
The stone closely misses the giant cockroach.
The leopard gecko misses you. The orc wizard barely misses you.
Throwing (i - inventory. (,) - cycle):
k - 68 stones (quivered)
Press: ? - help, Shift-Dir - straight line, f/p - giant cockroach
Aim: a giant cockroach (clinging)
You throw a stone. The stone hits the orc wizard.
The orc wizard is heavily wounded.
The leopard gecko misses you. The orc wizard barely misses you.
The leopard gecko bites you.
You die...

.## ...#..#(...
..###(....(.... #
#.#...........
#.###.#...().###.
#.......(........
.#..(o.....####
#..#..os###.##
#.....lo# .#
#..#.##@# # #. #
###


You could see an orc wizard (invisible), 2 orcs, a leopard gecko and a giant
cockroach.

Vanquished Creatures
  An adder (D:2)
  A worm (D:2)
  4 dart slugs (D:1)
  A leopard gecko (D:1)
  An orc (D:3)
  A giant cockroach (D:2)
  5 goblins
  2 hobgoblins (D:1)
  8 jackals (D:1)
  A ball python (D:1)
  9 bats
  4 frilled lizards
  2 kobolds (D:1)
  5 rats (D:1)
45 creatures vanquished.

Vanquished Creatures (others)
  A howler monkey skeleton (D:3)
  A bat (D:3)
2 creatures vanquished.

Grand Total: 47 creatures vanquished

Notes
Turn   | Place    | Note
-------+----------+-------------------------------------------
     0 | D:1      | straycat the Vampire Wanderer began the quest for the Orb.
     0 | D:1      | straycat set off with: a +2 hand axe, a +0 shortbow, 22 arrows, a wand of random effects (15/48), a +0 robe, a potion of blood
     0 | D:1      | Reached XP level 1. HP: 17/17 MP: 2/2
    69 | D:1      | Reached skill level 1 in Dodging
   173 | D:1      | Reached XP level 2. HP: 23/23 MP: 3/3
   442 | D:1      | Reached skill level 1 in Stealth
   475 | D:1      | Reached skill level 2 in Stealth
   582 | D:1      | Reached XP level 3. HP: 28/28 MP: 4/4
   671 | D:1      | Reached skill level 3 in Stealth
  1256 | D:2      | Found a bloodstained altar of Trog.
  1358 | D:2      | Reached skill level 4 in Stealth
  1505 | D:2      | Found a shimmering altar of Xom.
  1508 | D:2      | Found a shadowy altar of Dithmenos.
  1523 | D:2      | Found a white marble altar of Elyvilon.
  1535 | D:2      | Found an ancient bone altar of Kikubaaqudgha.
  1952 | D:3      | Slain by a leopard gecko

Skill      XL: |  1  2  3 |
---------------+----------+-----
Dodging        | 1 2 |  2.1
Stealth        | 2 4 |  4.6
Fighting       | |  2.6
Axes           | |  1.0
Armour         | |  1.0
Shields        | |  1.0
Spellcasting   | |  1.0
Hexes          | |  1.5
Earth Magic    | |  1.0
Evocations     | |  1.0

Action                   || total
-------------------------++-------
Melee: Shortbow          ||     8
       Bite              ||     3
 Fire: Shortbow          ||   122
Throw: Stone             ||     4
Armor: Robe              ||    24
Dodge: Dodged            ||    75
